AoeStats
← theanswer5

Golden Pit

510169003Analyzed
1v1 RM · 2d ago on Sep 29, 2026· 38m 7s· 2 players
Game mode
Random Map
Map size
Tiny (2 player)
Population
200
Speed
Normal
Resources
Standard
Victory
Conquest
Starting age
Dark Age
Ending age
Imperial Age
RankedLock teamsTeams togetherTeam positionsShared explorationLock speedFull tech treeHidden civsTurbo modeCheats
Victory
Defeat
🇹🇷 Magyars · Türkiye
1568
+13
🇨🇴 Spanish · Colombia
1495
-13
Dragon Extreme
5:32 Loom
8:36 Feudal Age
17:02 Forging
17:29 Scale Mail Armor
22:10 Wheelbarrow
25:13 Castle Age
23:32 Gold Mining
24:30 Double-Bit Axe
24:42 Fletching
27:31 Padded Archer Armor
27:30 Bodkin Arrow
29:35 Padded Archer Armor
37:47 Ballistics
38:09 Leather Archer Armor
theanswer5
5:50 Loom
9:52 Feudal Age
13:01 Double-Bit Axe
23:04 Castle Age
21:20 Fletching
21:53 Horse Collar
22:32 Padded Archer Armor
23:02 Gold Mining
23:39 Bloodlines
24:56 Bow Saw
26:13 Wheelbarrow
27:35 Bodkin Arrow
29:05 Leather Archer Armor
30:06 Ballistics
31:32 Hand Cart
32:33 Heavy Plow
36:52 Thumb Ring
Connection lost

Rejoining the realm…

Still unreachable

The connection could not be restored.

Session expired

The server has moved on; the page needs a fresh start.